 Dungeon Crawl Stone Soup version 0.21.1-1-g345015f (webtiles) character file.

39 Kairos the Charmwright (level 3, -6/27 HPs)
             Began as a Demonspawn Skald on Mar 26, 2018.
             Mangled by Sigmund
             ... wielding a +0 scythe
              (9 damage)
             ... on level 2 of the Dungeon.
             The game lasted 00:02:33 (1644 turns).

Kairos the Charmwright (Demonspawn Skald)           Turns: 1644, Time: 00:02:34

Health: -6/27      AC:  5    Str: 12    XL:     3   Next: 28%
Magic:  2/6        EV: 17    Int: 14    God:
Gold:   82         SH:  4    Dex: 17    Spells: 3/6 levels left

rFire    . . .     SeeInvis .   a - +0 mace
rCold    . . .     Gourm    .   (no shield)
rNeg     . . .     Faith    .   b - +0 leather armour
rPois    .         Spirit   .   (no helmet)
rElec    .         Reflect  .   (no cloak)
rCorr    .         Harm     .   n - +0 pair of gloves
MR       .....                  i - +0 pair of boots
Stlth    ++........             (no amulet)
HPRegen  0.09/turn              (no ring)
MPRegen  0.10/turn              (no ring)

@: agile
A: large bone plates 1, powered by pain 1
a: no special abilities


You were on level 2 of the Dungeon.
You were not hungry.

You visited 1 branch of the dungeon, and saw 2 of its levels.

You collected 82 gold pieces.

Inventory:

Hand Weapons
 a - a +0 mace (weapon)
Armour
 b - a +0 leather armour (worn)
 i - a +0 pair of boots (worn)
 n - a +0 pair of gloves (worn)
Scrolls
 e - a scroll of blinking {unknown}
 f - a scroll of teleportation {unknown}
 g - a scroll of immolation {unknown}
 h - 5 scrolls of identify {unknown}
 j - a scroll of enchant armour {unknown}
 k - a scroll of noise {unknown}
Potions
 l - a potion of curing {unknown}
 m - a potion of flight {unknown}
 p - 2 potions of resistance {unknown}
 q - a potion of heal wounds
Books
 c - a book of Battle

   Spells                             Type                      Level
   a - Infusion                       Charms                       1
   b - Shroud of Golubria             Charms/Translocation         2
   c - Song of Slaying                Charms                       2
   d - Spectral Weapon                Hexes/Charms                 3
   e - Regeneration                   Charms/Necromancy            3
Comestibles
 d - a ration


   Skills:
 + Level 2.1 Fighting
 + Level 2.5 Maces & Flails
 + Level 1.0 Armour
 + Level 2.1 Dodging
 + Level 2.1 Spellcasting
 + Level 3.1 Charms


You had 3 spell levels left.
You knew the following spells:

 Your Spells              Type           Power        Failure   Level  Hunger
a - Infusion              Chrm           ##..         9%          1    ##.....
b - Shroud of Golubria    Chrm/Tloc      #.........   24%         2    ###....


Dungeon Overview and Level Annotations

Branches:
Dungeon (2/15)

Altars:

Annotations:
D:2 Sigmund


Innate Abilities, Weirdness & Mutations

You are partially covered in large bone plates. (SH +4)
You sometimes gain a little power by taking damage.


Message History

Sigmund is lightly wounded.
Sigmund barely misses you.
You sock Sigmund!
Sigmund is heavily wounded.
Sigmund misses you.
You hit Sigmund.
Sigmund is heavily wounded.
You block Sigmund's attack.
You barely miss Sigmund.
Sigmund is heavily wounded.
Sigmund casts a spell at you. The magic dart hits you!
* * * LOW HITPOINT WARNING * * *
You closely miss Sigmund.
Sigmund is heavily wounded.
Sigmund closely misses you.
You hit Sigmund.
Sigmund is severely wounded.
Sigmund hits you with a scythe!
You die...

.###################
.....b@@....<(.<.).#
...#.####.########.#
#.### ###.#####
#...####........
###........#####
########...........#
........#..........##
...#####.......)....#
##...........#


You could see Sigmund and a bat.

Vanquished Creatures
  An adder (D:2)
  An ooze (D:1)
  A dart slug (D:1)
  2 bats (D:1)
  2 giant cockroaches (D:1)
  3 goblins
  3 hobgoblins
  2 kobolds (D:1)
  A quokka (D:2)
  3 frilled lizards (D:1)
  A leopard gecko skeleton (D:2)
  4 rats (D:1)
24 creatures vanquished.

Notes
Turn   | Place    | Note
-------+----------+-------------------------------------------
     0 | D:1      | Kairos the Demonspawn Skald began the quest for the Orb.
     0 | D:1      | Reached XP level 1. HP: 16/16 MP: 3/3
   227 | D:1      | Gained mutation: You are partially covered in large bone plates. (SH +4) [demonic ancestry]
   227 | D:1      | Reached XP level 2. HP: 17/22 MP: 5/5
   230 | D:1      | Reached skill level 3 in Charms
   409 | D:1      | Reached skill level 1 in Armour
   825 | D:2      | Gained mutation: You sometimes gain a little power by taking damage. [demonic ancestry]
   825 | D:2      | Reached XP level 3. HP: 24/27 MP: 6/6
   964 | D:2      | Noticed Sigmund
  1453 | D:1      | Learned a level 2 spell: Shroud of Golubria
  1644 | D:2      | Mangled by Sigmund

Skill      XL: |  1  2 |
---------------+-------+-----
Dodging        | 2 |  2.1
Maces & Flails | 2 |  2.5
Charms         | 3 |  3.1
Armour         | 1 |  1.0
Fighting       | |  2.1
Spellcasting   | |  2.1

Action                   || total
-------------------------++-------
Melee: Mace              ||   117
 Cast: Shroud of Golubri ||     1
       Infusion          ||     1
  Eat: Ration            ||     1
       Chunk             ||     1
Armor: Leather armour    ||    21
Dodge: Dodged            ||    83
Block: Other             ||    11
